cohdb
Replays
Latest Replays
All Replays
Popular Replays
Top Player Replays
Match Explorer
How It Works
Community
CoH3 Stats
Reddit
Sign in to upload your games and track your stats! →
Sign in with Steam
Match 44424348
Unlisted
Match 44424348
Overview
Messages
Build Orders
End
Construct Section Command Post
Vickers Machine Gun Team
Infantry Section
Infantry Section
Construct Platoon Command Post
CMP 15cwt Truck
6-pounder Anti-tank Gun Team
6-pounder Anti-tank Gun Team
Selects Air and Sea Battlegroup
Selects Commando Section Paradrop
Selects M1 Pack Howitzer Paradrop
Commando Section Paradrop
Grenade Package
320W
19sas98
Koous
pyro
Didier617
RhumsteaK
King Raptor
WatchMy6Bro
0
0
Comments
sign in to comment!
No comments posted yet!